 Dungeon Crawl Stone Soup version 0.20-a0-1020-g7b9e4fe (webtiles) character file.

133 nikopol the Skirmisher (level 5, 0/33 HPs)
             Began as a Gargoyle Berserker on Apr 18, 2017.
             Was a Believer of Trog.
             Slain by an adder (2 damage)
             ... on level 2 of the Dungeon.
             The game lasted 00:03:04 (1630 turns).

nikopol the Skirmisher (Gargoyle Berserker)         Turns: 1630, Time: 00:03:05

Health: 0/33       AC: 12    Str: 21    XL:     5   Next: 16%
Magic:  5/5        EV: 11    Int:  7    God:    Trog [**....]
Gold:   122        SH:  0    Dex: 10    Spells: 4/4 levels left

rFire    . . .     SeeInvis .   a - +0 hand axe
rCold    . . .     Gourm    .   (no shield)
rNeg     + . .     Faith    .   d - +0 ring mail
rPois    ∞         Spirit   .   n - +0 helmet
rElec    +         Reflect  .   (no cloak)
rCorr    .         Harm     .   g - +0 pair of gloves
MR       .....                  (no boots)
Stlth    ..........             (no amulet)
Regen    0.2/turn               (no ring)
MPRegen  0.1/turn               (no ring)

@: exhausted, slowed, very slow
A: negative energy resistance 1, electricity resistance, unbreathing,
petrification resistance, rot immunity, AC +4
a: Berserk, Trog's Hand, Burn Spellbooks, Renounce Religion


You were on level 2 of the Dungeon.
You worshipped Trog.
Trog was pleased with you.
You were near starving.

You visited 1 branch of the dungeon, and saw 2 of its levels.

You collected 122 gold pieces.

Inventory:

Hand Weapons
 a - a +0 hand axe (weapon)
Missiles
 m - 25 arrows (quivered)
Armour
 b - a +0 animal skin
 d - a +0 ring mail (worn)
 g - a +0 pair of gloves (worn)
 n - a +0 helmet (worn)
Scrolls
 e - a scroll of remove curse {unknown}
 i - 3 scrolls of identify {unknown}
 j - 2 scrolls of recharging {unknown}
 k - a scroll of teleportation {unknown}
 p - a scroll of fog {unknown}
Potions
 f - a potion of flight {unknown}
 h - a potion of curing {unknown}
 l - a potion of ambrosia {unknown}
Comestibles
 c - a bread ration


   Skills:
 + Level 4.1 Fighting
 + Level 3.3 Axes
 + Level 3.5 Armour
 + Level 2.4 Dodging


You had 4 spell levels left.
You didn't know any spells.

Dungeon Overview and Level Annotations

Branches:
Dungeon (2/15)

Altars:


Innate Abilities, Weirdness & Mutations

You are resistant to torment.
Your stone body is resilient. (AC +4)
You are immune to poison.
You resist negative energy. (rN+)
You are resistant to electric shocks. (rElec)
You can survive without breathing.
You are immune to petrification.
You are immune to rotting.


Message History

The adder bites you but does no damage.
You barely miss the adder.
The adder is almost dead.
The adder closely misses you. x2
You closely miss the adder.
The adder is almost dead.
The adder bites you.
* * * LOW HITPOINT WARNING * * *
You closely miss the adder.
The adder is almost dead.
The adder bites you.
* * * LOW HITPOINT WARNING * * *
The adder barely misses you.
You barely miss the adder.
The adder is almost dead.
You are no longer berserk.
You are exhausted.
You feel as though you will be slow longer.
The adder bites you.
You die...

####..##.....###..........####...
................).........'......
####...†.....###..........####...
#####......##.#.......## ##.#
##.###.##.##.....## #.. #.#
#.##.###...## ### #.###.##.#
##'## .......†## #.# ####...@?#
#.# #####S# #.# .# ... .# ... .#
.[. .. ##


You could see an adder.

Vanquished Creatures
  Natasha (twice) (D:2)
  Terence (D:2)
  Robin (D:2)
  A dart slug (D:2)
  A leopard gecko (D:2)
  2 giant cockroaches (D:1)
  6 hobgoblins
  2 jackals (D:2)
  A kobold (D:1)
  A quokka (D:2)
  6 bats
  2 frilled lizards
  15 goblins
  5 rats
46 creatures vanquished.

Notes
Turn   | Place    | Note
-------+----------+-------------------------------------------
     0 | D:1      | nikopol the Gargoyle Berserker began the quest for the Orb.
     0 | D:1      | Reached XP level 1. HP: 14/14 MP: 1/1
   107 | D:1      | Reached XP level 2. HP: 18/19 MP: 2/2
   727 | D:2      | Noticed Robin
   740 | D:2      | Reached XP level 3. HP: 16/23 MP: 3/3
   746 | D:2      | Reached ** piety under Trog
   757 | D:2      | Killed Robin
  1079 | D:2      | Noticed Terence
  1089 | D:2      | Killed Terence
  1089 | D:2      | Reached XP level 4. HP: 29/29 MP: 4/4
  1236 | D:2      | Noticed Natasha
  1244 | D:2      | Killed Natasha
  1244 | D:2      | Reached skill level 4 in Fighting
  1606 | D:2      | Noticed Natasha
  1624 | D:2      | Killed Natasha
  1624 | D:2      | Reached XP level 5. HP: 10/33 MP: 5/5
  1630 | D:2      | Slain by an adder

Vault maps used:
D:1:      dpeg_arrival_three_same_balls
D:2:      uniq_natasha, uniq_robin, uniq_terence

Skill      XL: |  1  2  3  4 |
---------------+-------------+-----
Dodging        | 2 |  2.4
Axes           | 3 |  3.3
Armour         | 3 |  3.5
Fighting       | 4 |  4.1

Action                   |  1- 3 |  4- 6 || total
-------------------------+-------+-------++-------
Melee: Hand axe          |   104 |    70 ||   174
Invok: Berserk           |     2 |     1 ||     3
  Eat: Chunk             |     1 |     2 ||     3
Armor: Ring mail         |    47 |    46 ||    93
Dodge: Dodged            |    63 |    64 ||   127
